 Seeded DCSS version 0.24-a0-388-gb57f36d (webtiles) character file.

Game seed: 2700471661677232465

663 Llamajah the Skirmisher (level 7, 0/76 HPs)
             Began as an Ogre Gladiator on June 3, 2019.
             Slain by an orc warrior
             ... wielding a +0 glaive
              (18 damage)
             ... on level 5 of the Dungeon.
             The game lasted 00:19:00 (6343 turns).

Llamajah the Skirmisher (Ogre Gladiator)            Turns: 6343, Time: 00:19:00

Health: 0/76       AC:  3    Str: 20      XL:     7   Next: 56%
Magic:  7/7        EV: 11    Int:  7 (9)  God:
Gold:   160        SH:  0    Dex: 10 (11) Spells: 6/6 levels left

rFire    . . .     SeeInvis .   u - +4 mace
rCold    . . .     Gourm    .   (no shield)
rNeg     . . .     Faith    .   b - +0 robe
rPois    .         Spirit   .   c - +0 hat
rElec    .         Reflect  .   (no cloak)
rCorr    .         Harm     .   (gloves unavailable)
MR       .....                  (boots unavailable)
Stlth    +.........             h - amulet of inaccuracy (curse)
HPRegen  0.22/turn              (no ring)
MPRegen  0.10/turn              (no ring)

@: no status effects
A: large, unfitting armour, tough skin 1
a: no special abilities


You were on level 5 of the Dungeon.
You were not hungry.

You visited 1 branch of the dungeon, and saw 5 of its levels.

You collected 160 gold pieces.

Inventory:

Hand Weapons
 a - a +0 flail
 u - a +4 mace (weapon)
Missiles
 d - 3 throwing nets (quivered)
Armour
 b - a +0 robe (worn)
 c - a +0 hat (worn)
Jewellery
 h - a cursed amulet of inaccuracy (around neck)
 j - an uncursed amulet of rage
Wands
 o - a wand of acid (3)
Scrolls
 e - 3 scrolls of teleportation
 k - a scroll of enchant weapon
 m - a scroll of identify
 r - a scroll of enchant armour
 w - 2 scrolls of magic mapping
Potions
 i - 2 potions of degeneration
Comestibles
 f - 4 rations
 g - 3 chunks of flesh


   Skills:
 * Level 6.8 Fighting
 + Level 4.2 Maces & Flails
 + Level 4.1 Throwing
 + Level 4.2 Dodging


You had 6 spell levels left.
You didn't know any spells.
Your spell library was empty.

Dungeon Overview and Level Annotations

Branches:
Dungeon (5/15)
 Temple: D:4-7

Altars:
Dithmenos
Makhleb
Qazlal
Xom

Annotations:
D:4 2 transporters
D:5 1 runed translucent door, Crazy Yiuf


Innate Abilities, Weirdness & Mutations

You are too large for most types of armour.
You have tough skin. (AC +1)


Message History

You kill the orc!
You see here an orc corpse.
You butcher the orc corpse.
Things that are here:
a chunk of flesh; an orc skeleton The orc warrior hits you from afar with a +0 glaive!
The orc warrior misses you.
You hit the orc warrior but do no damage.
The orc warrior closely misses you.
You hit the orc warrior.
The orc warrior is moderately wounded.
The orc warrior hits you with a +0 glaive!!
You hit the orc warrior.
The orc warrior is moderately wounded.
The orc warrior hits you with a +0 glaive!!
* * * LOW HITPOINT WARNING * * *
You closely miss the orc warrior.
The orc warrior is moderately wounded.
The orc warrior hits you with a +0 glaive!!
You die...

#.................
#.....#.#.####....
#.###.#.#.# #....
#.###.#.#.# #....
#.#...#.#.####....
#%###.#.#.........
#.# #.#.#######...
#.# #.#.# #... #@#
#.# #### #o# #.#
#.# #.# o.o.....#
.# #########


You could see an orc warrior.

Vanquished Creatures
  An ice beast (D:4)
  A sky beast (D:4)
  A crimson imp (D:2)
  2 hounds (D:5)
  A jelly (D:5)
  An orc priest (D:3)
  An orc wizard (D:4)
  A centaur skeleton (D:3)
  2 iguanas
  3 worker ant zombies (D:5)
  4 adders
  2 river rats (D:4)
  A shadow imp (D:3)
  An ooze (D:5)
  4 worms
  A dart slug (D:2)
  6 leopard geckos
  16 orcs
  8 bats
  2 giant cockroaches
  3 goblins (D:3)
  8 hobgoblins
  11 jackals
  A quokka (D:4)
  A ball python (D:3)
  4 frilled lizards
  A jackal skeleton (D:5)
  5 kobolds
  A quokka skeleton (D:4)
  A quokka zombie (D:5)
  7 rats
102 creatures vanquished.

Notes
Turn   | Place    | Note
-------+----------+-------------------------------------------
     0 | D:1      | Llamajah the Ogre Gladiator began the quest for the Orb.
     0 | D:1      | Reached XP level 1. HP: 22/22 MP: 1/1
   795 | D:2      | Reached XP level 2. HP: 29/29 MP: 2/2
   797 | D:2      | Reached skill level 3 in Fighting
   902 | D:2      | Noticed a crimson imp
   914 | D:2      | Killed a crimson imp
   914 | D:2      | Reached XP level 3. HP: 24/37 MP: 3/3
  1094 | D:2      | Found a shadowy altar of Dithmenos.
  1227 | D:2      | Reached XP level 4. HP: 43/46 MP: 4/4
  1443 | D:2      | Found a stormy altar of Qazlal.
  1940 | D:3      | Reached skill level 4 in Fighting
  1986 | D:3      | Upgraded the game from 0.24-a0-381-g637bb38 to
                  | 0.24-a0-382-g8e86157
  1991 | D:3      | Reached XP level 5. HP: 47/54 MP: 5/5
  2746 | D:3      | Found a shimmering altar of Xom.
  3215 | D:4      | Found a transporter.
  3242 | D:4      | Found a transporter.
  3246 | D:4      | Noticed an ice beast
  3251 | D:4      | Killed an ice beast
  3251 | D:4      | Reached skill level 5 in Fighting
  3251 | D:4      | Reached XP level 6. HP: 40/66 MP: 6/6
  3528 | D:4      | Found a burning altar of Makhleb.
  3562 | D:4      | Noticed a sky beast
  3594 | D:4      | Killed a sky beast
  3723 | D:4      | Reached skill level 6 in Fighting
  4202 | D:4      | Reached XP level 7. HP: 38/75 MP: 7/7
  4767 | D:4      | HP: 3/75 [orc (2)]
  5091 | D:3      | Upgraded the game from 0.24-a0-382-g8e86157 to
                  | 0.24-a0-388-gb57f36d
  5137 | D:5      | Entered Level 5 of the Dungeon
  6265 | D:5      | Found a runed translucent door.
  6266 | D:5      | Noticed Crazy Yiuf
  6343 | D:5      | Slain by an orc warrior

Levels and vault maps discovered:
D:1:      dpeg_arrival_chambers_temple_mockup, layout_basic
D:2:      layout_loops_ring, lemuel_round_altar, lemuel_crystal_altar,
          serial_bayou_crossing
D:3:      layout_basic, tgw_xom, serial_co_window_serial, co_window_paths_a,
          co_window_of_opportunity_a, co_window_corner_a, co_window_corner_a,
          co_window_corner_a, co_window_corner_ca, co_window_2corner,
          co_window_of_opportunity_b, co_window_unsneaky_path_a,
          co_window_broadway_b, co_window_4corner_a, glass_columns_b,
          glass_columns_c, glass_columns_c, glass_columns_a, glass_columns_a,
          first_ration, minmay_misc_feat_encased
D:4:      gammafunk_steamed_eel, layout_rooms, lemuel_coloured_pillars_altar,
          gup_sewer_entry_spiral, grunt_decor_one_mirror,
          minmay_misc_feat_square
D:5:      layout_basic, uniq_crazy_yiuf_cottage

Skill      XL: |  1  2  3  4  5  6  7 |
---------------+----------------------+-----
Fighting       | 3 4 5 6 |  6.8
Maces & Flails | 3 4 |  4.2
Dodging        | 3 4 |  4.2
Throwing       | 3 4 |  4.1

Action                   |  1- 3 |  4- 6 |  7- 9 || total
-------------------------+-------+-------+-------++-------
Melee: Flail             |    70 |    94 |       ||   164
       Mace              |       |   113 |   133 ||   246
  Use: Scroll            |     2 |     3 |     6 ||    11
       Potion            |       |     3 |     6 ||     9
  Eat: Chunk             |     1 |     8 |     5 ||    14
       Ration            |       |       |     1 ||     1
Armor: Robe              |    34 |    57 |    29 ||   120
       Skin              |       |       |    16 ||    16
Dodge: Dodged            |    51 |   113 |    82 ||   246

Table legend:
 A = Non-vault XP
 B = Vault XP
 C = Vault XP percentage of total XP
 D = Non-vault monster count
 E = Vault monster count
 F = Vault count percentage of total count
                 A         B        C        D         E       F
            +---------+---------+-------+---------+---------+-------
      Total |     870 |      78 |   8.2 |      87 |      15 |  14.7
            +---------+---------+-------+---------+---------+-------
        D:1 |       9 |       0 |   0.0 |       6 |       0 |   0.0
        D:2 |      91 |       0 |   0.0 |      24 |       0 |   0.0
        D:3 |     154 |      12 |   7.2 |      26 |       8 |  23.5
        D:4 |     372 |      66 |  15.1 |      14 |       7 |  33.3
        D:5 |     244 |       0 |   0.0 |      17 |       0 |   0.0
            +---------+---------+-------+---------+---------+-------
